 Dungeon Crawl Stone Soup version 0.27-a0-1081-ge8a0a9c698 (webtiles) character file.

Game seed: 11375933607743362326

1 shoop the Shooter (level 1, 16/16 HPs)
             Began as a Demonspawn Hunter on Apr 25, 2021.
             Got out of the dungeon alive.
             The game lasted 00:00:41 (271 turns).

shoop the Shooter (Demonspawn Hunter)                Turns: 271, Time: 00:00:42

Health: 16/16      AC:  3    Str: 12    XL:     1   Next: 16%
Magic:  1/1        EV: 11    Int: 12    God:
Gold:   13         SH:  0    Dex: 13    Spells: 0/0 levels left

rFire    . . .     SeeInvis .   b - +0 short sword
rCold    . . .     Faith    .   (no shield)
rNeg     . . .     Spirit   .   c - +0 leather armour
rPois    .         Reflect  .   (no helmet)
rElec    .         Harm     .   (no cloak)
rCorr    .         Rampage  .   (no gloves)
Will     .....                  (no boots)
Stlth    +.........             (no amulet)
HPRegen  0.05/turn              (no ring)
MPRegen  0.07/turn              (no ring)

@: no status effects
A: no striking features
a: no special abilities


You escaped.
You visited 1 branch of the dungeon, and saw 1 of its levels.

You collected 13 gold pieces.

Inventory:

Hand Weapons
 a - a +1 shortbow
 b - a +0 short sword (weapon)
Missiles
 d - 37 arrows
Armour
 c - a +0 leather armour (worn)


   Skills:
 + Level 2.0 Fighting
 * Level 3.6 Bows
 + Level 1.8 Dodging
 + Level 0.9 Stealth


You couldn't memorise any spells.
You didn't know any spells.
Your spell library was empty.

Dungeon Overview and Level Annotations

Branches:
Dungeon (1/15)

Altars:

Shops:
D:1 [


Message History

Will you be the one to retrieve the legendary Orb of Zot from the depths?
Press ? for a list of commands and other information.
Found a staircase leading out of the dungeon.
You enter the shallow water.
Moving in this stuff is going to be slow.
You now have 13 gold pieces.
Found a stone staircase leading down.
A rat comes into view.
Found a spear.
b - a +0 short sword (weapon)
You hit the rat but do no damage. The rat closely misses you.
The rat bites you but does no damage.
You hit the rat.
You kill the rat!
No target in view!
No target in view!
Found a stone staircase leading down.
d - 37 arrows (gained 17)
Found Enyidil's Antique Armour Shop.
A ball python comes into view.
The ball python hisses angrily.
There is an entrance to Enyidil's Antique Armour Shop here.
The ball python closely misses you. The ball python grabs you.
The ball python constricts you.
You closely miss the ball python. The ball python barely misses you.
The ball python constricts you.
You hit the ball python but do no damage.
The ball python barely misses you. The ball python constricts you.
The ball python bites you. The ball python constricts you.
You hit the ball python.
You kill the ball python!
No target in view!
No target in view!
HP restored.
There is an entrance to Enyidil's Antique Armour Shop here.
You enter the shallow water.
Moving in this stuff is going to be slow.
There is a staircase leading out of the dungeon here.
Are you sure you want to leave the Dungeon?
This will make you lose the game!
You have escaped!

♣♣≈≈≈≈≈≈≈♣♣..# ##### ###..
♣♣≈♣♣♣♣♣♣♣≈♣♣. ##...
♣♣≈♣♣≈≈≈≈≈♣♣.♣♣ ##....
♣≈♣♣≈♣♣♣♣♣≈♣♣.♣##### #.....
♣≈♣≈♣♣≈≈≈♣♣≈♣♣.....######.....
♣♣≈♣≈♣≈♣♣♣≈♣♣≈♣................
♣8≈♣≈♣≈♣8♣≈≈♣≈♣♣..#............
♣♣≈♣≈♣≈≈≈≈♣≈♣≈≈♣..#............
♣≈♣≈≈♣8♣≈♣≈♣♣@♣###............
♣≈♣♣≈♣♣♣≈♣♣≈♣♣♣...............
♣♣≈♣♣≈≈≈≈8♣≈8♣♣...............
♣♣≈♣♣♣♣♣♣♣≈♣♣###..........#..
♣♣≈≈≈≈≈≈≈♣♣ #.#.....####.#
♣♣♣♣8♣♣♣♣ #...##...###.# ♣♣♣
#........#......
...........#.....
...#.......#.....


There were no monsters in sight!

Vanquished Creatures
  A ball python (D:1)
  A rat (D:1)
2 creatures vanquished.

Notes
Turn   | Place    | Note
-------+----------+-------------------------------------------
     0 | D:1      | shoop the Demonspawn Hunter began the quest for the Orb.
     0 | D:1      | Reached XP level 1. HP: 16/16 MP: 1/1
   120 | D:1      | Found Enyidil's Antique Armour Shop.
   271 | D:$      | Got out of the dungeon alive.

Illustrated notes

Levels and vault maps discovered:
D:1:      nagdon_arrival_double_spiral, layout_rooms, serial_shops, shop,
          hellmonk_ecumenical_altar_leap_of_faith

Action                   || total
-------------------------++-------
Melee: Short sword       ||     5
Armor: Leather armour    ||     1
Dodge: Dodged            ||     4

Table legend: (Time is in decaauts)
 A = Elapsed time spent in this place.
 B = Non-inter-level travel time spent in this place.
 C = Inter-level travel time spent in this place.
 D = Time resting spent in this place.
 E = Time spent auto-exploring this place.
 F = Levels seen in this place.
 G = Mean time per level.
                   A        B        C        D        E       F      G
               +--------+--------+--------+--------+--------+-----+--------+
         Total |    338 |    223 |    115 |      0 |    206 |   1 |  338.0 |
       Dungeon |    338 |    223 |    115 |      0 |    206 |   1 |  338.0 |
               +--------+--------+--------+--------+--------+-----+--------+

Top non-repeatable levels by time:
     D:1: 338 daAuts
